 Dungeon Crawl Stone Soup version 0.26-a0-54-g15ccc7a (webtiles) character file.

Game seed: 16008369665161381363

282399 thirtiethelement the Blocker (level 20, -4/159 HPs)
             Began as a Gnoll Fighter on June 7, 2020.
             Was a High Priest of Cheibriados.
             Slain by a stone giant simulacrum (26 damage)
             ... led by a necromancer
             ... on level 2 of the Vaults.
             The game lasted 01:42:31 (39158 turns).

thirtiethelement the Blocker (Gnoll Fighter)       Turns: 39158, Time: 01:42:45

Health: -4/159     AC: 34    Str: 40    XL:     20   Next: 53%
Magic:  0/36       EV: 23    Int: 26    God:    Cheibriados [*****.]
Gold:   1722       SH:  0    Dex: 33    Spells: 27/44 levels left

rFire    + . .     SeeInvis .   S - +5 executioner's axe (flame)
rCold    . . .     Gourm    .   (shield currently unavailable)
rNeg     . . .     Faith    .   U - +4 plate armour of the Farmer {rF+ rCorr Dex+4}
rPois    +         Spirit   +   v - +2 helmet
rElec    .         Reflect  .   h - +2 cloak
rCorr    +         Harm     .   V - +2 pair of gloves of Wonder {rCorr}
MR       ++...     Rnd*Rage +   L - +2 pair of boots
Stlth    ++........             e - amulet of guardian spirit
HPRegen  0.36/turn              K - ring of poison resistance
MPRegen  0.25/turn              P - +4 ring of slaying

@: very slow
A: distributed training, fangs 1, hooves 1, berserk 1, magic resistance 1, sense
surroundings 2, strong nose
}: 2/15 runes: decaying, serpentine
a: Bend Time, Temporal Distortion, Slouch, Step From Time, Renounce Religion


You were on level 2 of the Vaults.
You worshipped Cheibriados.
Cheibriados was extremely pleased with you.
You were not hungry.

You visited 6 branches of the dungeon, and saw 33 of its levels.
You also visited: Sewer and Bailey.

You collected 3369 gold pieces.
You spent 1647 gold pieces at shops.

Inventory:

Hand Weapons
 d - the +2 executioner's axe of Xinewew {flame, rC+ Str+4 Int-5 Dex+4}
   (You found it in a bailey)

   It has been specially enchanted to burn those struck by it, causing extra
   injury to most foes and up to half again as much damage against particularly
   susceptible opponents.
   Big, fiery blades are also staple armaments of hydra-hunters.
   It affects your strength (+4).
   It affects your intelligence (-5).
   It affects your dexterity (+4).
   It protects you from cold.
 x - the +9 hand axe of Ywea {freeze, rN+ Dex+3 Stlth+}
   (You bought it in a shop on level 2 of the Orcish Mines)

   It has been specially enchanted to freeze those struck by it, causing extra
   injury to most foes and up to half again as much damage against particularly
   susceptible opponents.
   It can also slow down cold-blooded creatures.
   It affects your dexterity (+3).
   It protects you from negative energy.
   It makes you more stealthy.
 S - a +5 executioner's axe of flaming (weapon)
Missiles
 j - 5 boomerangs (quivered)
 m - 14 javelins
Armour
 c - a +0 kite shield
 h - a +2 cloak (worn)
 v - a +2 helmet (worn)
 L - a +2 pair of boots (worn)
 U - the +4 plate armour of the Farmer (worn) {rF+ rCorr Dex+4}
   (You bought it in a shop on level 1 of the Snake Pit)

   It affects your dexterity (+4).
   It protects you from fire.
   It provides partial protection from all sources of acid and corrosion.
 V - the +2 pair of gloves of Wonder (worn) {rCorr}
   (You found it on level 4 of the Snake Pit)

   It provides partial protection from all sources of acid and corrosion.
Jewellery
 b - an uncursed ring of stealth
 e - an amulet of guardian spirit (around neck)
 i - an uncursed ring of see invisible
 C - an uncursed ring of protection from cold
 K - a ring of poison resistance (left hand)
 P - a +4 ring of slaying (right hand)
 R - an uncursed ring of magical power
 T - an uncursed ring of protection from magic
Wands
 w - a wand of flame (65)
 y - a wand of polymorph (39)
 B - a wand of digging (8)
 E - a wand of disintegration (17)
 G - a wand of iceblast (25)
 I - a wand of acid (15)
 O - a wand of clouds (6)
 X - a wand of enslavement (11)
 Y - a wand of paralysis (10)
Scrolls
 g - 12 scrolls of remove curse
 k - 5 scrolls of identify
 o - 11 scrolls of magic mapping
 p - 6 scrolls of fear
 r - 7 scrolls of enchant armour
 s - 20 scrolls of teleportation
 u - 5 scrolls of fog
 A - 6 scrolls of amnesia
 Q - a scroll of enchant weapon
 W - a scroll of summoning
 Z - a scroll of blinking
Potions
 a - 4 potions of might
 n - 7 potions of brilliance
 q - 9 potions of curing
 t - 7 potions of heal wounds
 z - 2 potions of cancellation
 F - 2 potions of ambrosia
 H - 4 potions of stabbing
 J - a potion of flight
 M - 3 potions of mutation
 N - 3 potions of magic
Miscellaneous
 l - a phantom mirror
Comestibles
 f - 49 rations


   Skills:
 + Level 14.1 Fighting
 + Level 12.8 Short Blades
 + Level 12.8 Long Blades
 + Level 13.5 Axes
 + Level 12.8 Maces & Flails
 + Level 12.8 Polearms
 + Level 12.8 Staves
 + Level 12.8 Slings
 + Level 12.8 Bows
 + Level 12.8 Crossbows
 + Level 12.8 Throwing
 + Level 14.1 Armour
 + Level 12.8 Dodging
 + Level 12.8 Stealth
 + Level 14.1 Shields
 + Level 12.8 Unarmed Combat
 + Level 12.8 Spellcasting
 + Level 11.0 Conjurations
 + Level 11.0 Hexes
 + Level 11.0 Charms
 + Level 11.0 Summonings
 + Level 11.0 Necromancy
 + Level 11.0 Translocations
 + Level 11.0 Transmutations
 + Level 11.0 Fire Magic
 + Level 11.0 Ice Magic
 + Level 11.0 Air Magic
 + Level 11.0 Earth Magic
 + Level 11.0 Poison Magic
 + Level 13.8 Invocations
 + Level 12.8 Evocations


You had 27 spell levels left.
You knew the following spells:

 Your Spells              Type           Power        Failure   Level  Hunger
a - Corona                Hex            ######.      1%          1    None
b - Animate Skeleton      Necr           N/A          1%          1    None
c - Animate Dead          Necr           N/A          1%          4    None
d - Stone Arrow           Conj/Erth      ######       1%          3    None
e - Vampiric Draining     Necr           ######....   1%          3    None
f - Poisonous Vapours     Pois/Air       ######       1%          2    None
g - Mephitic Cloud        Conj/Pois/Air  ######..     1%          3    None

Your spell library contained the following spells:

 Spells                   Type           Power        Failure   Level  Hunger
 Apportation              Tloc           ######       1%          1    None
 Infusion                 Chrm           ####         1%          1    None
 Pain                     Necr           ####         1%          1    None
 Sandblast                Erth           ######       1%          1    None
 Summon Small Mammal      Summ           ####         1%          1    None
 Passwall                 Tmut/Erth      ######..     1%          2    None
 Shroud of Golubria       Chrm/Tloc      ######       1%          2    None
 Song of Slaying          Chrm           ######..     1%          2    None
 Confusing Touch          Hex            ######..     1%          3    None
 Conjure Flame            Conj/Fire      ######..     1%          3    None
 Gell's Gravitas          Tloc           ######....   1%          3    None
 Ozocubu's Armour         Chrm/Ice       ######..     1%          3    None
 Recall                   Summ/Tloc      N/A          1%          3    None
 Spectral Weapon          Hex/Chrm       ######..     1%          3    None
 Petrify                  Tmut/Erth      ######..     1%          4    None
 Agony                    Necr           ######..     3%          5    ###....
 Borgnjor's Vile Clutch   Necr/Erth      ######....   3%          5    ###....
 Lee's Rapid Deconstruct  Erth           ######....   3%          5    ###....
 Metabolic Englaciation   Hex/Ice        ######....   3%          5    ###....
 Yara's Violent Unravell  Hex/Tmut       ######....   3%          5    ###....
 Death Channel            Necr           ######....   22%         6    #####..
 Freezing Cloud           Conj/Ice/Air   ######....   22%         6    #####..
 Simulacrum               Ice/Necr       ######....   22%         6    #####..
 Haunt                    Necr/Summ      ######....   75%         7    ######.
 Ring of Flames           Chrm/Fire      ######....   75%         7    ######.
 Borgnjor's Revivificati  Necr           ######....   100%        8    #######
 Death's Door             Chrm/Necr      ######....   100%        8    #######
 Infestation              Necr           ######....   100%        8    #######
 Necromutation            Tmut/Necr      ######....   100%        8    #######


Dungeon Overview and Level Annotations

Branches:
Dungeon (15/15)            Temple (0/1) D:7            Lair (6/6) D:10
  Swamp (4/4) Lair:2        Snake (4/4) Lair:2        Slime (0/5) Lair:5
    Orc (2/2) D:12            Elf (0/3) Orc:2        Vaults (2/5) D:13
 Depths (0/5) D:15          Sewer (visited)          Bailey (visited)
  Crypt: Vaults:2-3

Altars:
Cheibriados
Dithmenos
Elyvilon
Gozag
Kikubaaqudgha
Okawaru
Qazlal
Ru
Uskayaw
Vehumet
Wu Jian
Xom
The Shining One
Beogh

Shops:
D:5 ?}(   D:12 [   Orc:2 ?:(}   Snake:1 [

Portals:
Trove: D:11 (give +4 ice dragon scales)

Annotations:
D:4 2 transporters, XxsatanxX's ghost, amateur DsFi


Innate Abilities, Weirdness & Mutations

Your experience applies equally to all skills.
You have very sharp teeth.
Your uncanny sense of smell can sniff out nearby items.
You have large cloven feet.
You tend to lose your temper in combat.
You are resistant to hostile enchantments. (MR+)
You passively map the area around you.


Message History

The stone giant simulacrum barely misses you.
The ogre mage hits you but does no damage.
You hit the stone giant simulacrum but do no damage.
The stone giant simulacrum is lightly damaged.
The deep elf archer shoots an arrow.
The arrow hits you but does no damage. The stone giant simulacrum hits you!
The stone giant simulacrum freezes you!!!
* * * LOW HITPOINT WARNING * * *
The ogre mage misses you.
The deep elf archer blinks!
Okay, then.
Okay, then.
Okay, then.
The flow of time bends around you.
Cheibriados rebukes the stone giant simulacrum.
The stone giant simulacrum seems to slow down.
You feel slightly more hungry. The ogre mage completely misses you.
The stone giant simulacrum hits you!
* * * LOW HITPOINT WARNING * * *
The stone giant simulacrum freezes you!!
You die...

####.## * ##.## , ,
*##...## * *
,##.....#
,,,+.....##########
* , ,, ##...##
#......# , ,
,*##.## #O.....# *
* * *
##.####))....#..
**,*
##...'(@.ยง).'.. *
#####)Z)...#..
#..)...).. , , * *
#..)...#.. , ,* * *
*####'###.. , * * ,
, , ...* # * * * ,
...# , , , , ...# *
, * , ,, ,


You could see an ogre mage and a stone giant simulacrum (slow).

Vanquished Creatures
  Saint Roka (Vaults:1)
  Frances (Swamp:2)
  A sphinx (D:14)
  A tengu reaver (Vaults:1)
  8 nagarajas
  2 thorn hunters (Swamp:3)
  A frost giant (D:14)
  An orc warlord (Orc:1)
  A vault warden (Vaults:2)
  6 ironheart preservers
  A war gargoyle (D:14)
  2 deep elf annihilators (Vaults:1)
  2 fire dragons
  4 ice dragons
  A yaktaur captain (Vaults:1)
  A great orb of eyes (Vaults:2)
  11 hydras
  A vault guard (Vaults:2)
  A rakshasa (Vaults:1)
  18 naga warriors
  5 centaur warriors
  2 ghost crabs (Swamp:3)
  4 shambling mangroves
  19 two-headed ogres
  The ghost of kairosrom117 the Vandal, a journeyman HaHu of Dithmenos (D:9)
  8 anacondas
  6 alligators
  A deep troll shaman (Vaults:1)
  4 ogre magi
  2 deep troll earth magi
  3 death yaks (Lair:4)
  An orc high priest (Orc:2)
  9 naga sharpshooters
  Sonja (D:11)
  4 deep elf knights
  2 salamander mystics
  11 shock serpents
  A spriggan druid (Swamp:3)
  3 unseen horrors
  8 swamp dragons
  A flayed ghost (Vaults:2)
  6 wizards
  6 deep trolls
  3 ironbrand convokers (Vaults:1)
  7 naga ritualists
  2 deep elf archers (Vaults:1)
  7 orc knights
  2 necromancers
  9 mana vipers
  A wolf spider (Lair:6)
  An oklob plant (Lair:3)
  24 ugly things
  7 cyclopes
  A manticore (D:9)
  4 elephants (Lair:4)
  9 salamanders
  12 orc sorcerers
  11 deep elf magi
  4 centaur zombies
  35 black mambas
  16 naga magi
  Joseph (D:7)
  8 guardian serpents
  2 torpor snails
  Psyche (D:10)
  22 spiny frogs
  A gargoyle (D:14)
  A vault sentinel (Vaults:2)
  2 yaktaurs (Vaults:1)
  2 rime drakes
  5 freezing wraiths
  2 kobold demonologists
  6 komodo dragons
  A jumping spider (shapeshifter) (D:13)
  3 meliai (D:15)
  6 trolls
  11 tyrant leeches
  A tengu conjurer (D:15)
  A polar bear (shapeshifter) (Vaults:1)
  A wolf spider simulacrum (D:15)
  14 hornets
  A harpy skeleton (D:15)
  22 slime creatures
  13 hippogriffs
  24 blink frogs
  4 bog bodies
  3 redbacks (Lair:6)
  7 spriggans
  7 wyverns (Lair:6)
  2 wraiths
  3 vampires
  6 shadows
  28 yaks
  5 basilisks
  3 chaos spawn (D:8)
  4 steam dragons
  3 swamp worm simulacra (Swamp:4)
  28 vampire mosquitoes
  53 nagas
  4 wargs
  16 insubstantial wisps
  5 swamp worms
  Edmund (D:5)
  14 hydra simulacra (Swamp:4)
  3 acid dragons
  7 porcupines
  19 water moccasins
  10 swamp drakes
  37 orc warriors
  4 ice beasts
  4 sky beasts
  22 ogres
  Purgy (Sewer)
  A hornet zombie (D:11)
  4 phantoms
  8 wolves (Lair:6)
  A boggart (D:14)
  23 centaurs
  13 crocodiles
  14 bullfrogs
  3 big kobolds
  A wyvern zombie (D:12)
  3 scorpions
  6 killer bees (D:6)
  9 wights
  7 electric eels (Lair:2)
  2 howler monkeys
  8 crimson imps
  A jelly (D:12)
  A quasit (D:7)
  A bullfrog zombie (D:12)
  5 hounds
  8 centaur skeletons
  22 orc priests
  4 bullfrog skeletons
  A gnoll shaman (Orc:2)
  Terence (D:3)
  8 iguanas
  42 orc wizards
  8 worker ants
  2 hound skeletons
  11 gnolls
  10 adders
  5 shadow imps
  2 oozes
  5 swamp drake simulacra (Swamp:4)
  An adder zombie (D:6)
  An adder skeleton (D:4)
  2 worms
  3 dart slugs
  2 leopard geckos
  134 orcs
  5 ball pythons
  2 bats
  9 giant cockroaches
  5 goblins
  7 hobgoblins
  13 jackals
  4 quokkas
  6 frilled lizards
  12 kobolds
  A leopard gecko skeleton (D:4)
  8 rats
  2 bushes (Lair:3)
  A butterfly (Lair:2)
  2 fungi (Lair:3)
  A plant (Lair:6)
1243 creatures vanquished.

Vanquished Creatures (others)
  3 alligators (Swamp:4)
  A spiny frog (Lair:6)
  A hornet (Swamp:3)
  A swamp worm (Swamp:4)
  A swamp drake (Lair:6)
  An orc wizard (Orc:2)
  An orc (Vaults:1)
  13 fungi
  29 plants
51 creatures vanquished.

Grand Total: 1294 creatures vanquished

Notes
Turn   | Place    | Note
-------+----------+-------------------------------------------
     0 | D:1      | thirtiethelement the Gnoll Fighter began the quest for the
                  | Orb.
     0 | D:1      | Reached XP level 1. HP: 23/23 MP: 1/1
   186 | D:1      | Reached XP level 2. HP: 29/29 MP: 2/2
   405 | D:1      | Reached XP level 3. HP: 35/35 MP: 3/3
   913 | D:2      | Reached skill level 1 in Invocations
  1007 | D:2      | Reached skill level 1 in Short Blades
  1007 | D:2      | Reached skill level 1 in Long Blades
  1007 | D:2      | Reached skill level 1 in Maces & Flails
  1007 | D:2      | Reached skill level 1 in Polearms
  1007 | D:2      | Reached skill level 1 in Staves
  1007 | D:2      | Reached skill level 1 in Slings
  1007 | D:2      | Reached skill level 1 in Bows
  1007 | D:2      | Reached skill level 1 in Crossbows
  1007 | D:2      | Reached skill level 1 in Throwing
  1007 | D:2      | Reached skill level 1 in Dodging
  1007 | D:2      | Reached skill level 1 in Stealth
  1007 | D:2      | Reached skill level 1 in Unarmed Combat
  1007 | D:2      | Reached skill level 1 in Spellcasting
  1007 | D:2      | Reached skill level 1 in Evocations
  1007 | D:2      | Reached XP level 4. HP: 39/41 MP: 5/5
  1238 | D:2      | Found a snail-covered altar of Cheibriados.
  1266 | D:2      | Became a worshipper of Cheibriados the Contemplative
  1607 | D:3      | Reached skill level 1 in Conjurations
  1607 | D:3      | Reached skill level 1 in Hexes
  1607 | D:3      | Reached skill level 1 in Charms
  1607 | D:3      | Reached skill level 1 in Summonings
  1607 | D:3      | Reached skill level 1 in Necromancy
  1607 | D:3      | Reached skill level 1 in Translocations
  1607 | D:3      | Reached skill level 1 in Transmutations
  1607 | D:3      | Reached skill level 1 in Fire Magic
  1607 | D:3      | Reached skill level 1 in Ice Magic
  1607 | D:3      | Reached skill level 1 in Air Magic
  1607 | D:3      | Reached skill level 1 in Earth Magic
  1607 | D:3      | Reached skill level 1 in Poison Magic
  1650 | D:3      | Found a glowing golden altar of the Shining One.
  1715 | D:3      | Reached XP level 5. HP: 19/47 MP: 6/6
  1721 | D:3      | Reached * piety under Cheibriados
  2173 | D:3      | Found an ornate altar of the Wu Jian Council.
  2173 | D:3      | Noticed Terence
  2182 | D:3      | Killed Terence
  2423 | D:3      | Found a shimmering altar of Xom.
  2747 | D:4      | Reached XP level 6. HP: 44/53 MP: 8/8
  2838 | D:4      | Found an ancient bone altar of Kikubaaqudgha.
  2855 | D:4      | Noticed a phantom
  2870 | D:4      | Killed a phantom
  2870 | D:4      | Reached skill level 5 in Axes
  2905 | D:4      | Reached ** piety under Cheibriados
  2908 | D:4      | Found an iron altar of Okawaru.
  3054 | D:4      | Learned a level 1 spell: Corona
  3056 | D:4      | Learned a level 1 spell: Animate Skeleton
  3166 | D:4      | Reached XP level 7. HP: 19/59 MP: 10/10
  3408 | D:4      | Found a transporter.
  3412 | D:4      | Noticed XxsatanxX's ghost (amateur DsFi)
  3441 | D:4      | Found a transporter.
  3535 | D:4      | Gained mutation: You are partially covered in yellow
                  | scales. (AC +2) [potion of mutation]
  3535 | D:4      | Gained mutation: Scrolls take you a little longer to read.
                  | [potion of mutation]
  3535 | D:4      | Gained mutation: You tend to lose your temper in combat.
                  | [potion of mutation]
  3535 | D:4      | Gained mutation: You have large cloven feet. [potion of
                  | mutation]
  3553 | D:4      | Found a snail-covered altar of Cheibriados.
  3735 | D:5      | Entered Level 5 of the Dungeon
  3735 | D:5      | Noticed a hippogriff
  3742 | D:5      | Killed a hippogriff
  3804 | D:5      | Found Wucvais's Antique Weapon Boutique.
  3810 | D:5      | Noticed Edmund
  3835 | D:5      | Killed Edmund
  3984 | D:5      | Reached XP level 8. HP: 67/67 MP: 12/12
  4012 | D:5      | Found a white marble altar of Elyvilon.
  4099 | D:5      | Found Xane's Gadget Boutique.
  4212 | D:5      | Reached *** piety under Cheibriados
  4316 | D:5      | Found Duakk's Magic Scroll Emporium.
  4758 | D:6      | Reached XP level 9. HP: 57/72 MP: 14/14
  5147 | D:6      | Found a glowing drain.
  5156 | Sewer    | Entered a sewer
  5164 | Sewer    | Reached **** piety under Cheibriados
  5198 | Sewer    | Noticed Purgy
  5203 | Sewer    | Killed Purgy
  5599 | D:6      | Found a shadowy altar of Dithmenos.
  5756 | D:6      | Found a sacrificial altar of Ru.
  6045 | D:7      | Noticed Joseph
  6069 | D:7      | Killed Joseph
  6257 | D:7      | Found a staircase to the Ecumenical Temple.
  6388 | D:7      | Reached skill level 5 in Invocations
  6583 | D:8      | Found a shimmering altar of Xom.
  6584 | D:8      | Found the +7 mace of Variability {chain chaos}
  6595 | D:8      | Reached XP level 10. HP: 39/80 MP: 9/17
  6813 | D:8      | Noticed a two-headed ogre
  6825 | D:8      | Killed a two-headed ogre
  6825 | D:8      | Reached skill level 5 in Short Blades
  6825 | D:8      | Reached skill level 5 in Long Blades
  6825 | D:8      | Reached skill level 5 in Maces & Flails
  6825 | D:8      | Reached skill level 5 in Polearms
  6825 | D:8      | Reached skill level 5 in Staves
  6825 | D:8      | Reached skill level 5 in Slings
  6825 | D:8      | Reached skill level 5 in Bows
  6825 | D:8      | Reached skill level 5 in Crossbows
  6825 | D:8      | Reached skill level 5 in Throwing
  6825 | D:8      | Reached skill level 5 in Dodging
  6825 | D:8      | Reached skill level 5 in Stealth
  6825 | D:8      | Reached skill level 5 in Unarmed Combat
  6825 | D:8      | Reached skill level 5 in Spellcasting
  6825 | D:8      | Reached skill level 5 in Evocations
  6829 | D:8      | Lost mutation: You are partially covered in yellow scales.
                  | (AC +2) [potion of mutation]
  6829 | D:8      | Lost mutation: Scrolls take you a little longer to read.
                  | [potion of mutation]
  6829 | D:8      | Gained mutation: You are agile. (Dex +2) [potion of
                  | mutation]
  6829 | D:8      | Gained mutation: Your system is resistant to poisons.
                  | (rPois) [potion of mutation]
  6829 | D:8      | Gained mutation: Your magical capacity is low. (-10% MP)
                  | [potion of mutation]
  6829 | D:8      | Gained mutation: Your flesh is cold resistant. (rC+)
                  | [potion of mutation]
  6830 | D:8      | Lost mutation: Your magical capacity is low. (-10% MP)
                  | [potion of mutation]
  6830 | D:8      | Lost mutation: Your system is resistant to poisons. (rPois)
                  | [potion of mutation]
  6830 | D:8      | Lost mutation: You are agile. (Dex +2) [potion of mutation]
  6830 | D:8      | Lost mutation: Your flesh is cold resistant. (rC+) [potion
                  | of mutation]
  6830 | D:8      | Gained mutation: You passively map a small area around you.
                  | [potion of mutation]
  6830 | D:8      | Gained mutation: You are resistant to hostile enchantments.
                  | (MR+) [potion of mutation]
  6830 | D:8      | Gained mutation: You passively map the area around you.
                  | [potion of mutation]
  6967 | D:8      | Found a stormy altar of Qazlal.
  7001 | D:8      | Noticed a two-headed ogre
  7010 | D:8      | Killed a two-headed ogre
  7482 | D:9      | Reached ***** piety under Cheibriados
  7736 | D:9      | Noticed a two-headed ogre
  7738 | D:9      | Noticed a manticore
  7747 | D:9      | Killed a two-headed ogre
  7749 | D:9      | Killed a manticore
  8054 | D:9      | Found a runed translucent door.
  8056 | D:9      | Noticed kairosrom117's ghost (journeyman HaHu)
  8068 | D:9      | Killed kairosrom117's ghost
  8068 | D:9      | Reached XP level 11. HP: 35/87 MP: 7/19
  8640 | D:9      | Noticed a cyclops
  8649 | D:9      | Killed a cyclops
  8859 | D:10     | Entered Level 10 of the Dungeon
  8883 | D:10     | Noticed an unseen horror
  8899 | D:10     | Killed an unseen horror
  8899 | D:10     | Reached skill level 5 in Conjurations
  8899 | D:10     | Reached skill level 5 in Hexes
  8899 | D:10     | Reached skill level 5 in Charms
  8899 | D:10     | Reached skill level 5 in Summonings
  8899 | D:10     | Reached skill level 5 in Necromancy
  8899 | D:10     | Reached skill level 5 in Translocations
  8899 | D:10     | Reached skill level 5 in Transmutations
  8899 | D:10     | Reached skill level 5 in Fire Magic
  8899 | D:10     | Reached skill level 5 in Ice Magic
  8899 | D:10     | Reached skill level 5 in Air Magic
  8899 | D:10     | Reached skill level 5 in Earth Magic
  8899 | D:10     | Reached skill level 5 in Poison Magic
  9191 | D:10     | Found a staircase to the Lair.
  9244 | D:10     | Identified the cursed +1 ring mail of Contentment {rN+
                  | Dex+3} (You found it on level 10 of the Dungeon)
  9758 | D:10     | Noticed Psyche
  9767 | D:10     | Killed Psyche
 10011 | D:11     | Learned a level 4 spell: Animate Dead
 10492 | D:11     | Learned a level 3 spell: Stone Arrow
 10496 | D:11     | Learned a level 3 spell: Vampiric Draining
 10510 | D:11     | Learned a level 2 spell: Poisonous Vapours
 10514 | D:11     | Learned a level 3 spell: Mephitic Cloud
 10679 | D:11     | Noticed Sonja
 10686 | D:11     | Noticed a purple ugly thing
 10694 | D:11     | Killed a purple ugly thing
 11015 | D:11     | Found a portal to a secret trove of treasure.
 11105 | D:11     | Killed Sonja
 11208 | D:11     | Reached XP level 12. HP: 96/96 MP: 22/22
 11284 | D:12     | Noticed a four-headed hydra
 11294 | D:12     | Killed a four-headed hydra
 11330 | D:12     | Found Pagugad's Armour Boutique.
 11400 | D:12     | Reached ****** piety under Cheibriados
 12389 | D:12     | Found a staircase to the Orcish Mines.
 12616 | Orc:1    | Entered Level 1 of the Orcish Mines
 12624 | Orc:1    | Found a roughly hewn altar of Beogh.
 13127 | Orc:2    | Entered Level 2 of the Orcish Mines
 13127 | Orc:2    | Found a roughly hewn altar of Beogh.
 13527 | Orc:2    | Noticed an orc high priest
 13537 | Orc:2    | Noticed a soul eater
 13537 | Orc:2    | Killed an orc high priest
 13580 | Orc:2    | Found a staircase to the Elven Halls.
 13669 | Orc:2    | Paralysed by an orc sorcerer for 3 turns
 13680 | Orc:2    | Reached skill level 10 in Fighting
 13680 | Orc:2    | Reached skill level 10 in Armour
 13680 | Orc:2    | Reached skill level 10 in Shields
 13727 | Orc:2    | Found Boiwiar's Magic Scroll Shoppe.
 13734 | Orc:2    | Bought a scroll of enchant armour for 90 gold pieces
 13734 | Orc:2    | Bought a scroll of enchant armour for 90 gold pieces
 13845 | Orc:2    | Found a radiant altar of Vehumet.
 13845 | Orc:2    | Noticed an ogre mage
 13857 | Orc:2    | Killed an ogre mage
 13869 | Orc:2    | Reached XP level 13. HP: 69/103 MP: 21/24
 14036 | Orc:2    | Paralysed by an orc sorcerer for 6 turns
 14081 | Orc:2    | Found an ancient bone altar of Kikubaaqudgha.
 14109 | Orc:2    | Found Xuikhlo's Book Emporium.
 14143 | Orc:2    | Found a roughly hewn altar of Beogh.
 14143 | Orc:2    | Found Dyg Feff's Antique Weapon Emporium.
 14170 | Orc:2    | Found Uqaexaef's Gadget Shoppe.
 14188 | Orc:2    | Bought a faintly glowing hand axe for 248 gold pieces
 14188 | Orc:2    | Identified the +9 hand axe of Ywea {freeze, rN+ Dex+3
                  | Stlth+} (You bought it in a shop on level 2 of the Orcish
                  | Mines)
 14443 | Orc:1    | Noticed an orc warlord
 14462 | Orc:1    | Killed an orc warlord
 14842 | D:12     | Bought the +5 chain mail "Tossoc" {+Blink rPois} for 715
                  | gold pieces
 14934 | Lair:1   | Entered Level 1 of the Lair of Beasts
 15815 | Lair:2   | Found a staircase to the Snake Pit.
 15892 | Lair:2   | Found a staircase to the Swamp.
 17974 | Lair:4   | Reached XP level 14. HP: 93/111 MP: 22/26
 19008 | Lair:5   | Reached skill level 10 in Axes
 19030 | Lair:5   | Found a staircase to the Slime Pits.
 19609 | Lair:6   | Entered Level 6 of the Lair of Beasts
 19803 | Lair:6   | Reached skill level 10 in Invocations
 19928 | Lair:6   | Found a hide-covered altar of Uskayaw.
 21290 | Snake:1  | Entered Level 1 of the Snake Pit
 21423 | Snake:1  | Reached XP level 15. HP: 119/119 MP: 28/28
 21778 | Snake:1  | Found Ifuadus's Antique Armour Shop.
 21784 | Snake:1  | Bought a steaming plate armour for 504 gold pieces
 22580 | Snake:2  | Identified the +4 plate armour of the Farmer {rF+ rCorr
                  | Dex+4} (You bought it in a shop on level 1 of the Snake
                  | Pit)
 23438 | Snake:3  | Reached skill level 10 in Short Blades
 23438 | Snake:3  | Reached skill level 10 in Long Blades
 23438 | Snake:3  | Reached skill level 10 in Maces & Flails
 23438 | Snake:3  | Reached skill level 10 in Polearms
 23438 | Snake:3  | Reached skill level 10 in Staves
 23438 | Snake:3  | Reached skill level 10 in Slings
 23438 | Snake:3  | Reached skill level 10 in Bows
 23438 | Snake:3  | Reached skill level 10 in Crossbows
 23438 | Snake:3  | Reached skill level 10 in Throwing
 23438 | Snake:3  | Reached skill level 10 in Dodging
 23438 | Snake:3  | Reached skill level 10 in Stealth
 23438 | Snake:3  | Reached skill level 10 in Unarmed Combat
 23438 | Snake:3  | Reached skill level 10 in Spellcasting
 23438 | Snake:3  | Reached skill level 10 in Evocations
 23775 | Snake:3  | Noticed a nagaraja
 23788 | Snake:3  | Killed a nagaraja
 24348 | Snake:3  | Reached XP level 16. HP: 125/127 MP: 30/30
 24445 | Snake:3  | Noticed a nagaraja
 24454 | Snake:3  | Killed a nagaraja
 24923 | Snake:4  | Entered Level 4 of the Snake Pit
 25208 | Snake:4  | Got a pair of bloodstained gloves
 25213 | Snake:4  | Identified the +2 pair of gloves of Wonder {rCorr} (You
                  | found it on level 4 of the Snake Pit)
 25466 | Snake:4  | Noticed a nagaraja
 25474 | Snake:4  | Killed a nagaraja
 25742 | Snake:4  | Noticed a nagaraja
 25749 | Snake:4  | Killed a nagaraja
 25790 | Snake:4  | Noticed a nagaraja
 25805 | Snake:4  | Killed a nagaraja
 26153 | Snake:4  | Noticed a nagaraja
 26170 | Snake:4  | Killed a nagaraja
 26170 | Snake:4  | Noticed a nagaraja
 26186 | Snake:4  | Killed a nagaraja
 26221 | Snake:4  | Noticed a nagaraja
 26228 | Snake:4  | Killed a nagaraja
 26320 | Snake:4  | Got a serpentine rune of Zot
 26394 | Snake:4  | Reached XP level 17. HP: 96/135 MP: 22/32
 27189 | Swamp:1  | Entered Level 1 of the Swamp
 28744 | Swamp:2  | Noticed Frances
 28763 | Swamp:2  | Killed Frances
 30648 | Swamp:4  | Entered Level 4 of the Swamp
 30795 | Swamp:4  | Reached skill level 10 in Conjurations
 30795 | Swamp:4  | Reached skill level 10 in Hexes
 30795 | Swamp:4  | Reached skill level 10 in Charms
 30795 | Swamp:4  | Reached skill level 10 in Summonings
 30795 | Swamp:4  | Reached skill level 10 in Necromancy
 30795 | Swamp:4  | Reached skill level 10 in Translocations
 30795 | Swamp:4  | Reached skill level 10 in Transmutations
 30795 | Swamp:4  | Reached skill level 10 in Fire Magic
 30795 | Swamp:4  | Reached skill level 10 in Ice Magic
 30795 | Swamp:4  | Reached skill level 10 in Air Magic
 30795 | Swamp:4  | Reached skill level 10 in Earth Magic
 30795 | Swamp:4  | Reached skill level 10 in Poison Magic
 31139 | Swamp:4  | Got a decaying rune of Zot
 31434 | Swamp:4  | Reached XP level 18. HP: 143/143 MP: 33/33
 31709 | Swamp:4  | Reached XP level 19. HP: 149/149 MP: 34/34
 32250 | D:13     | Found a flagged portal.
 32261 | Bailey   | Entered a bailey
 32892 | Bailey   | Got a masterwork executioner's axe
 32895 | Bailey   | Identified the +2 executioner's axe of Xinewew {flame, rC+
                  | Str+4 Int-5 Dex+4} (You found it in a bailey)
 33276 | D:13     | Found a gate to the Vaults.
 34607 | D:15     | Entered Level 15 of the Dungeon
 35466 | D:15     | Found an opulent altar of Gozag.
 35706 | D:15     | Paralysed by an orc sorcerer for 7 turns
 35851 | D:15     | Found a staircase to the Depths.
 36254 | Vaults:1 | Entered Level 1 of the Vaults
 36528 | Vaults:1 | Noticed Saint Roka
 36543 | Vaults:1 | Killed Saint Roka
 37202 | Vaults:1 | Reached XP level 20. HP: 91/158 MP: 12/36
 39158 | Vaults:2 | Slain by a stone giant simulacrum

Illustrated notes

Levels and vault maps discovered:
D:1:      dpeg_arrival_stonehenge_8_columns, layout_rooms, minmay_tromino_i4
D:2:      layout_loops_corners, old_standard_altar, corner_web_ring
D:3:      layout_loops_cross, overflow_temple_1_default,
          brannock_xom_greatest_gift, lemuel_crystal_altar, uniq_terence
D:4:      layout_basic, lemuel_doored_altar, kennysheep_mini_moat, first_ration,
          gammafunk_ghost_stat_death, cheibriados_altar_1
D:5:      layout_loops_ring, elyvilon_altar_5, serial_shops, nicolae_shop_trees,
          nicolae_shop_stone, shop, uniq_edmund
D:6:      layout_cave_pools, nicolae_ru_awakened_eye,
          lemuel_coloured_pillars_altar, portal_sewer_entry_d
D:7:      layout_loops_ring, minmay_temple_entry_wispy, uniq_joseph
D:8:      layout_cave_pools, kennysheep_little_box, blue_anna_alchemist
          [blue_anna_fruit_fields, blue_anna_fruit_fields],
          minmay_guarded_unrand_variability
D:9:      layout_loops_cross, ebering_ghost_reflecting_pool, lightli_minifort
D:10:     layout_roguey, lair_entry_dummy, st_stairs_12, uniq_psyche
D:11:     layout_stronghold, enter_trove_3, uniq_sonja
D:12:     layout_loops_corners, erik_orc_1, serial_shops, shop_statue
D:13:     layout_loops_ring, david_vaults_1, enter_bailey_6, kennysheep_doodads
D:14:     minmay_sliced_demisemicircle, layout_cave_pools,
          minmay_misc_feat_secret_circle
D:15:     grunt_enter_depths_magical_seal, layout_basic, bh_walls_and_bars,
          nicolae_gozag_cash_rules_everything_around_me
Lair:1:   layout_roguey
Lair:2:   layout_long_grid, minmay_swamp_entry_eels,
          minmay_snake_entry_guardpost_large, lemuel_fruit_fields,
          serial_bayou_shore_a
Lair:3:   layout_loops_ring, minmay_lair_oklob_bushes, wad_woods_road_02
Lair:4:   layout_cave_pods, beast_lair_carwin_2
Lair:5:   layout_hall_layers, slime_dummy, grunt_megastairs_2,
          infiniplex_staircase_pool, lemuel_fruit_fields, serial_bayou_shore_b
Lair:6:   hangedman_lair_tendril_chambers, layout_cave_pods,
          guppyfry_lair_end_dragon, basic_altar, grunt_megastairs_5
Swamp:1:  layout_basic_swamp, evilmike_swamp_ruin_house_3, swamp_pool1
Swamp:2:  layout_basic_swamp, hangedman_swamp_ruin_wall, uniq_frances
Swamp:3:  layout_falls_marsh, hangedman_swamp_pad, swamp_pool2
Swamp:4:  swamp_icy, layout_basic_swamp
Snake:1:  layout_honeycomb, serial_shops, shop, drop_trap,
          nrook_guardian_serpent_ordinary
Snake:2:  layout_honeycomb
Snake:3:  layout_layer_cave
Snake:4:  minmay_snake_end_coiled, layout_layer_cave, nrook_loot_triangle
Orc:1:    layout_caves, basic_altar
Orc:2:    kennysheep_orc_mage_school, layout_caves, mines2_david
Vaults:1: vaults_room_door_ring, vaults_room_grid, ontoclasm_vaults_hangar,
          v_rooms_5, nicolae_vaults_windows_and_doors_thing, vaults_mumra_lcd,
          hangedman_vaults_cutoff, layout_vaults_omnigrid, uniq_saint_roka
Vaults:2: grunt_vaults_twisty, ontoclasm_vaults_bender, ontoclasm_vaults_spin,
          v_misc_12, v_rooms_6, v_misc_1, hangedman_vaults_maws,
          ontoclasm_vaults_pinch, nicolae_vaults_diagonal_hallway_7,
          nicolae_vaults_little_squares_3, nicolae_vaults_big_angled_halls,
          layout_vaults_omnibox, serial_shops, shop_coins

Skill      XL: |  1  2  3  4  5  6  7  8  9 10 11 12 13 14 15 16 17 18 19 20 |
---------------+-------------------------------------------------------------+-----
Invocations    | 1 2 3 4 5 6 7 8 9 10 11 12 13 | 13.8
Short Blades   | 1 2 3 4 5 6 7 8 9 10 11 12 | 12.8
Long Blades    | 1 2 3 4 5 6 7 8 9 10 11 12 | 12.8
Maces & Flails | 1 2 3 4 5 6 7 8 9 10 11 12 | 12.8
Polearms       | 1 2 3 4 5 6 7 8 9 10 11 12 | 12.8
Staves         | 1 2 3 4 5 6 7 8 9 10 11 12 | 12.8
Slings         | 1 2 3 4 5 6 7 8 9 10 11 12 | 12.8
Bows           | 1 2 3 4 5 6 7 8 9 10 11 12 | 12.8
Crossbows      | 1 2 3 4 5 6 7 8 9 10 11 12 | 12.8
Throwing       | 1 2 3 4 5 6 7 8 9 10 11 12 | 12.8
Dodging        | 1 2 3 4 5 6 7 8 9 10 11 12 | 12.8
Stealth        | 1 2 3 4 5 6 7 8 9 10 11 12 | 12.8
Unarmed Combat | 1 2 3 4 5 6 7 8 9 10 11 12 | 12.8
Spellcasting   | 1 2 3 4 5 6 7 8 9 10 11 12 | 12.8
Evocations     | 1 2 3 4 5 6 7 8 9 10 11 12 | 12.8
Conjurations   | 1 2 3 4 5 6 7 8 9 10 11 | 11.0
Hexes          | 1 2 3 4 5 6 7 8 9 10 11 | 11.0
Charms         | 1 2 3 4 5 6 7 8 9 10 11 | 11.0
Summonings     | 1 2 3 4 5 6 7 8 9 10 11 | 11.0
Necromancy     | 1 2 3 4 5 6 7 8 9 10 11 | 11.0
Translocations | 1 2 3 4 5 6 7 8 9 10 11 | 11.0
Transmutations | 1 2 3 4 5 6 7 8 9 10 11 | 11.0
Fire Magic     | 1 2 3 4 5 6 7 8 9 10 11 | 11.0
Ice Magic      | 1 2 3 4 5 6 7 8 9 10 11 | 11.0
Air Magic      | 1 2 3 4 5 6 7 8 9 10 11 | 11.0
Earth Magic    | 1 2 3 4 5 6 7 8 9 10 11 | 11.0
Poison Magic   | 1 2 3 4 5 6 7 8 9 10 11 | 11.0
Axes           | 5 6 7 8 9 10 11 12 13 | 13.5
Fighting       | 7 8 9 10 11 12 13 14 | 14.1
Armour         | 7 8 9 10 11 12 13 14 | 14.1
Shields        | 7 8 9 10 11 12 13 14 | 14.1

Action                   |  1- 3 |  4- 6 |  7- 9 | 10-12 | 13-15 | 16-18 | 19-21 || total
-------------------------+-------+-------+-------+-------+-------+-------+-------++-------
Melee: War axe           |    77 |   167 |   190 |   413 |    17 |       |       ||   864
       Bite              |     8 |    27 |    37 |    65 |   173 |   141 |   105 ||   556
       Kick              |       |       |    81 |   225 |    32 |       |       ||   338
       Hand axe          |       |       |       |       |   703 |   553 |    54 ||  1310
       Executioner's axe |       |       |       |       |       |       |   431 ||   431
Throw: Boomerang         |       |    12 |    14 |   103 |   183 |   383 |    37 ||   732
 Cast: Vampiric Draining |       |       |       |     4 |       |     5 |       ||     9
       Stone Arrow       |       |       |       |       |       |     8 |       ||     8
Invok: Slouch            |       |       |       |     1 |     4 |     5 |     7 ||    17
       Bend Time         |       |       |       |       |       |       |     1 ||     1
Evoke: Wand              |       |       |       |     1 |       |     4 |       ||     5
  Use: Scroll            |     7 |     1 |    12 |    11 |     6 |     5 |     5 ||    47
       Potion            |       |     2 |     2 |     3 |       |     2 |       ||     9
 Stab: Sleeping          |       |       |     2 |    17 |    15 |     4 |     8 ||    46
       Distracted        |       |       |       |     2 |     4 |       |     2 ||     8
       Confused          |       |       |       |       |     3 |       |       ||     3
  Eat: Chunk             |       |     5 |     6 |     8 |     7 |     4 |     7 ||    37
       Ration            |       |       |       |     1 |     4 |     3 |     2 ||    10
Armor: Scale mail        |    33 |    69 |    56 |    37 |       |       |       ||   195
       Ring mail         |       |       |       |    54 |     7 |       |       ||    61
       Chain mail        |       |       |       |       |   164 |       |       ||   164
       Plate armour      |       |       |       |       |    30 |   210 |   336 ||   576
Dodge: Dodged            |    23 |    70 |    86 |   239 |   346 |   393 |   724 ||  1881
Block: Kite shield       |    46 |   107 |   142 |   377 |   570 |   530 |    78 ||  1850

Table legend:
 A = Non-vault XP
 B = Vault XP
 C = Vault XP percentage of total XP
 D = Non-vault monster count
 E = Vault monster count
 F = Vault count percentage of total count
                 A         B        C        D         E       F
            +---------+---------+-------+---------+---------+-------
      Total |  263474 |  111680 |  29.8 |     890 |     351 |  28.3
            +---------+---------+-------+---------+---------+-------
        D:1 |      28 |       7 |  20.0 |      13 |       3 |  18.8
        D:2 |      83 |       0 |   0.0 |      17 |       0 |   0.0
        D:3 |     163 |      36 |  18.1 |      30 |       1 |   3.2
        D:4 |     388 |       0 |   0.0 |      24 |       0 |   0.0
        D:5 |    1074 |     158 |  12.8 |      30 |       1 |   3.2
        D:6 |    1269 |      13 |   1.0 |      20 |       1 |   4.8
        D:7 |     499 |     439 |  46.8 |      12 |       1 |   7.7
        D:8 |    2092 |     661 |  24.0 |      10 |       4 |  28.6
        D:9 |    2469 |    1457 |  37.1 |      29 |       2 |   6.5
       D:10 |    1623 |     503 |  23.7 |      22 |       2 |   8.3
       D:11 |    4564 |     814 |  15.1 |      38 |       1 |   2.6
       D:12 |    4472 |     589 |  11.6 |      33 |      17 |  34.0
       D:13 |    8257 |    1631 |  16.5 |      26 |       2 |   7.1
       D:14 |    4239 |    9931 |  70.1 |      23 |      11 |  32.4
       D:15 |   17651 |    4651 |  20.9 |      40 |      10 |  20.0
     Lair:1 |    1780 |       0 |   0.0 |       8 |       0 |   0.0
     Lair:2 |    1123 |    1402 |  55.5 |       6 |      12 |  66.7
     Lair:3 |    8047 |     681 |   7.8 |      34 |       2 |   5.6
     Lair:4 |    4855 |    2781 |  36.4 |      16 |       4 |  20.0
     Lair:5 |    1958 |     406 |  17.2 |       8 |       2 |  20.0
     Lair:6 |    7373 |   15743 |  68.1 |      30 |      61 |  67.0
    Swamp:1 |   11092 |       0 |   0.0 |      40 |       0 |   0.0
    Swamp:2 |   10254 |    2389 |  18.9 |      28 |       1 |   3.4
    Swamp:3 |   23155 |       0 |   0.0 |      41 |       0 |   0.0
    Swamp:4 |   11202 |    7077 |  38.7 |      36 |      29 |  44.6
    Snake:1 |    7874 |     463 |   5.6 |      14 |       1 |   6.7
    Snake:2 |   13366 |       0 |   0.0 |      25 |       0 |   0.0
    Snake:3 |   30455 |       0 |   0.0 |      50 |       0 |   0.0
    Snake:4 |   24426 |   24335 |  49.9 |      39 |      44 |  53.0
      Orc:1 |    4917 |       0 |   0.0 |      43 |       0 |   0.0
      Orc:2 |    2514 |    7019 |  73.6 |      29 |      39 |  57.4
   Vaults:1 |   35360 |   17613 |  33.2 |      57 |      37 |  39.4
   Vaults:2 |   14852 |    8456 |  36.3 |      19 |      17 |  47.2
      Sewer |       0 |     146 | 100.0 |       0 |       7 | 100.0
     Bailey |       0 |    2279 | 100.0 |       0 |      39 | 100.0
            +---------+---------+-------+---------+---------+-------
